[Event "FISU WUMSCC Men 2024"]
[Site "Entebbe"]
[Date "2024.06.26"]
[Round "3.1"]
[White "Alshnaiber, Yazeed"]
[Black "Szpar, Milosz"]
[Result "0-1"]
[ECO "B58"]
[WhiteElo "1831"]
[BlackElo "2497"]
[Annotator "TA"]
[PlyCount "110"]
[EventDate "2024.06.24"]
[EventType "swiss"]
[EventCountry "UGA"]
[SourceTitle "playchess.com"]
[Source "ChessBase"]
[SourceQuality "1"]
[TimeControl "5400+30"]

1. e4 c5 2. Nf3 d6 3. d4 cxd4 4. Nxd4 Nf6 5. Nc3 Nc6 6. Be2 e5 7. Nf3 h6 8. O-O Be7 9. Re1 O-O 10. Bc4 Na5 11. Bf1 Qc7 12. h3 {[%emt 0:08:24] The position is equal.} Bd7 13. Nd5 Nxd5 14. exd5 b5 15. c3 Rac8 16. Bd2 (16. Nd4 $11) 16... Nc4 $17 17. Rb1 Bf5 18. Ra1 Nxb2 {[%emt 0:05:23] Black is more active.} 19. Qb3 Nc4 20. Qxb5 {[%emt 0:05:43] [#]} (20. a4 $17) 20... Na3 $1 $19 21. Qa4 Nc2 $36 {[%emt 0:00:12][%cal Oe7f6][%mdl 2048] Black is on the roll.} 22. Rac1 Nxe1 23. Rxe1 Rb8 24. c4 Rb7 25. a3 Qd7 26. Qa6 Rc8 27. Be3 Bf6 28. Rc1 Rcb8 29. Kh2 Bd8 30. Rd1 Rb1 31. Rxb1 Rxb1 32. Be2 Bb6 33. c5 dxc5 34. Nxe5 $2 (34. Qc4 {was called for.}) 34... Qxd5 35. Bf4 Qd4 36. Bg3 Bc7 (36... Qa1 $142 37. Bf4 Rh1+ 38. Kg3 Rxh3+ 39. gxh3 Qg1+ 40. Kf3 Qh1+ (40... Bxh3 41. Bg3 $15) 41. Ke3 Qe4+ (41... Bxh3 42. Kd2 $11) 42. Kd2 Qxf4+ 43. Kd1 Qxe5) 37. Nf3 Bxg3+ (37... Qxf2 38. Bxc7 Rb2 39. Ng1 $11) 38. fxg3 Qe3 39. Bc4 Qe7 (39... Qc1 $142 40. Bf1 Qxf1 41. Qxf1 Rxf1) 40. Qc6 Rb8 41. Qd5 Be4 42. Qd1 Rb2 {[%emt 0:01:01] White must now prevent ...Qf6.} 43. Nd2 Ba8 44. Nf3 Bxf3 45. Qxf3 {[%emt 0:00:04][%mdl 4096] Endgame. KQR-KQB} Rb8 {[%emt 0:00:11] Against Qa8} 46. Bd3 Rd8 47. Qf5 g6 48. Qf3 Kg7 49. h4 h5 {[%emt 0:00:07] Threatens to win with ...Rd4.} 50. Bc4 Rd4 51. Qb3 Qc7 (51... Qe5 $142 52. Kg1 Qe1+ 53. Bf1 c4) 52. Kh3 Qb6 {[%emt 0:00:33][%cal Od4c4] ( -> ...Rxc4!)} 53. Qc3 Qf6 {[%emt 0:00:05] Black mates.} 54. Qb3 {[%emt 0:00:11] [#]} Rxc4 $1 55. Qxc4 Qe6+ {[%emt 0:00:04] Weighted Error Value: White=0.92/Black=0.54.  Mistake:       	White=3     	---        Inaccurate:     	White=7     	Black=3      OK:         	White=7     	Black=13     Best:        	---       	Black=2      Strong:       	---       	Black=1} 0-1

[Event "FISU WUMSCC Men 2024"]
[Site "Entebbe"]
[Date "2024.06.26"]
[Round "3.2"]
[White "Gatineau, Yovann"]
[Black "Defromont, Benjamin"]
[Result "1/2-1/2"]
[ECO "E17"]
[WhiteElo "2414"]
[BlackElo "2380"]
[Annotator "RC"]
[PlyCount "22"]
[EventDate "2024.06.24"]
[EventType "swiss"]
[EventCountry "UGA"]
[SourceTitle "playchess.com"]
[Source "ChessBase"]
[SourceQuality "1"]
[TimeControl "5400+30"]

1. d4 Nf6 2. c4 e6 3. Nf3 b6 4. g3 Bb7 5. Bg2 Be7 6. O-O O-O 7. Re1 d5 8. cxd5 exd5 9. Nc3 Nbd7 10. Bf4 c5 11. Rc1 Ne4 1/2-1/2

[Event "FISU WUMSCC Men 2024"]
[Site "Entebbe"]
[Date "2024.06.26"]
[Round "3.3"]
[White "Mladek, Richard"]
[Black "Horak, Martin"]
[Result "0-1"]
[ECO "D31"]
[WhiteElo "2385"]
[BlackElo "2333"]
[Annotator "RC"]
[PlyCount "62"]
[EventDate "2024.06.24"]
[EventType "swiss"]
[EventCountry "UGA"]
[SourceTitle "playchess.com"]
[Source "ChessBase"]
[SourceQuality "1"]
[TimeControl "5400+30"]

1. d4 d5 2. c4 e6 3. Nc3 Be7 4. cxd5 exd5 5. Bf4 c6 6. e3 Bf5 7. Nge2 Nd7 8. Ng3 Bg6 9. h4 Bxh4 10. Qb3 Bxg3 11. Bxg3 Qb6 12. Qa3 Ne7 13. Bd6 Qd8 14. e4 dxe4 15. d5 Nc8 16. dxc6 bxc6 17. Rd1 Qf6 18. Ba6 Nxd6 19. Rxd6 Qe7 20. Bb7 Rd8 21. Bxc6 O-O 22. Nd5 Qg5 23. Qe3 Qe5 24. Qg3 Qxg3 25. fxg3 Ne5 26. Ne7+ Kh8 27. Nxg6+ Nxg6 28. Rxd8 Rxd8 29. Rh5 f5 30. g4 Ne5 31. Bxe4 g6 0-1

[Event "FISU WUMSCC Men 2024"]
[Site "Entebbe"]
[Date "2024.06.26"]
[Round "3.4"]
[White "Turcan, Richard"]
[Black "Jakab, Bela"]
[Result "1/2-1/2"]
[ECO "C07"]
[WhiteElo "2374"]
[BlackElo "2390"]
[Annotator "RC"]
[PlyCount "141"]
[EventDate "2024.06.24"]
[EventType "swiss"]
[EventCountry "UGA"]
[SourceTitle "playchess.com"]
[Source "ChessBase"]
[SourceQuality "1"]
[TimeControl "5400+30"]

1. e4 e6 2. d4 d5 3. Nd2 c5 4. exd5 Qxd5 5. Ngf3 cxd4 6. Bc4 Qd7 7. O-O Nc6 8. Nb3 a6 9. a4 Nf6 10. Qe2 Bd6 11. Rd1 e5 12. Nbxd4 Nxd4 13. Rxd4 Qe7 14. Rxd6 Qxd6 15. b3 Be6 16. Ba3 Qc7 17. Nxe5 O-O-O 18. Bxe6+ fxe6 19. Nc4 Qc6 20. Bb2 Rd5 21. Ne5 Qe8 22. c4 Rd8 23. b4 Qh5 24. Qxh5 Nxh5 25. Nf7 Rd2 26. Bc3 Rd3 27. Nxh8 Rxc3 28. Nf7 Kc7 29. Ne5 Kd6 30. Re1 Nf4 31. g3 Nd3 32. Nxd3 Rxd3 33. Re4 Ra3 34. Rd4+ Ke7 35. a5 Rb3 36. c5 e5 37. Re4 Kf6 38. c6 bxc6 39. Rc4 Kf5 40. Rxc6 Rxb4 41. Rxa6 Ra4 42. Kg2 e4 43. Ra7 Kf6 44. Ra8 Ra1 45. a6 Kg6 46. a7 h6 47. Kh3 Kg5 48. Kg2 Kg6 49. h3 Kg5 50. h4+ Kg4 51. Re8 Rxa7 52. Rxe4+ Kf5 53. Re8 Kg6 54. Rh8 Ra4 55. f3 Ra2+ 56. Kh3 Ra3 57. Kg4 Ra4+ 58. f4 Ra5 59. Rb8 h5+ 60. Kh3 Kh6 61. Rb6+ g6 62. Re6 Kg7 63. Kg2 Kf7 64. Re3 Kf6 65. Kf3 Kf5 66. Re5+ Rxe5 67. fxe5 Kxe5 68. g4 hxg4+ 69. Kxg4 Kf6 70. h5 gxh5+ 71. Kxh5 1/2-1/2

[Event "FISU WUMSCC Men 2024"]
[Site "Entebbe"]
[Date "2024.06.26"]
[Round "3.5"]
[White "Walter, Szymon"]
[Black "Alrehaili, Ahmed Abdullah S"]
[Result "1-0"]
[ECO "C11"]
[WhiteElo "2313"]
[BlackElo "2134"]
[Annotator "RC"]
[PlyCount "77"]
[EventDate "2024.06.24"]
[EventType "swiss"]
[EventCountry "UGA"]
[SourceTitle "playchess.com"]
[Source "ChessBase"]
[SourceQuality "1"]
[TimeControl "5400+30"]

1. e4 e6 2. d4 d5 3. Nc3 Nf6 4. e5 Nfd7 5. f4 c5 6. Nf3 Nc6 7. Be3 cxd4 8. Nxd4 Bc5 9. Qd2 O-O 10. O-O-O Nxd4 11. Bxd4 a6 12. Qe3 Qc7 13. Bd3 Bxd4 14. Qxd4 b5 15. Rhe1 Qc5 16. Ne2 b4 17. f5 Qxd4 18. Nxd4 Nc5 19. g4 a5 20. f6 g6 21. h4 h6 22. Nc6 Re8 23. Ne7+ Rxe7 24. fxe7 Bd7 25. Rf1 Re8 26. Kd2 Rxe7 27. Ke3 Ba4 28. b3 Be8 29. a3 Rc7 30. axb4 axb4 31. Ra1 Bc6 32. Kd4 Nd7 33. Ra5 f6 34. Rxf6 Nxf6 35. exf6 Kf7 36. g5 hxg5 37. hxg5 Bd7 38. Ra8 Bc8 39. Ra1 1-0

[Event "FISU WUMSCC Men 2024"]
[Site "Entebbe"]
[Date "2024.06.26"]
[Round "3.6"]
[White "Janik, Igor"]
[Black "Kato, Richard"]
[Result "1-0"]
[ECO "C00"]
[WhiteElo "2511"]
[BlackElo "1908"]
[Annotator "TA"]
[PlyCount "65"]
[EventDate "2024.06.24"]
[EventType "swiss"]
[EventCountry "UGA"]
[SourceTitle "playchess.com"]
[Source "ChessBase"]
[SourceQuality "1"]
[TimeControl "5400+30"]

1. e4 e6 2. Qe2 c6 3. Nf3 d5 4. d3 Nf6 5. g3 Be7 6. Bg2 b6 7. e5 Nfd7 8. h4 {[%emt 0:00:05] The position is equal.} h6 9. Bf4 c5 10. c4 Bb7 11. Nc3 {[%emt 0:00:04] [#] And now cxd5 would win.} d4 12. Ne4 Na6 13. h5 (13. O-O $14) 13... Bxe4 14. Qxe4 {[%emt 0:01:20][%cal Of3d4] Strongly threatening Nxd4!} Rc8 {[%emt 0:00:01] Black is weak on the light squares} 15. O-O Nab8 16. Rae1 Nf8 {[%emt 0:00:44] White stays focused until the end.} (16... O-O $11) 17. Nh2 (17. Bd2 $18) 17... Nh7 (17... Bg5 $142) 18. Bd2 $16 O-O 19. f4 {[%emt 0:00:08] White has more active pieces. The black rooks are passive.} Rc7 (19... Na6 $16 {was necessary.} 20. Bh3 Rb8) 20. Qe2 $18 Nc6 21. Be4 Re8 (21... Nb4 $16 {might work better.} 22. Qg4 Nc2) 22. Qg2 Qc8 (22... Nb4 {keeps fighting.} 23. g4 b5 24. Bxb4 (24. cxb5 Nc2 $18) 24... cxb4 25. cxb5 Kh8) 23. g4 f5 $2 {[%emt 0:02:37] [#]} (23... Nb4 24. g5 Kh8) 24. exf6 Nxf6 25. Bg6 Rf8 26. g5 hxg5 27. fxg5 Nd7 28. Be4 Nce5 29. Qh3 Rxf1+ 30. Rxf1 Nf8 31. Bf4 Nf7 32. Bxc7 {[%emt 0:00:44] A strong pair of Bishops.} Nxg5 $2 (32... Qxc7 33. g6 Ng5) 33. Qg3 {[%emt 0:00:11] Weighted Error Value: White=0.33/Black=0.42.  Mistake:       	White=2     	Black=7      Inaccurate:     	White=1     	Black=5      OK:         	White=10    	Black=7      Best:        	White=2     	---} 1-0

[Event "FISU WUMSCC Men 2024"]
[Site "Entebbe"]
[Date "2024.06.26"]
[Round "3.7"]
[White "Alfaitori, Abdallah"]
[Black "Szustakowski, Antoni"]
[Result "0-1"]
[ECO "A46"]
[WhiteElo "1947"]
[BlackElo "2362"]
[Annotator "RC"]
[PlyCount "82"]
[EventDate "2024.06.24"]
[EventType "swiss"]
[EventCountry "UGA"]
[SourceTitle "playchess.com"]
[Source "ChessBase"]
[SourceQuality "1"]
[TimeControl "5400+30"]

1. d4 Nf6 2. Nf3 e6 3. g3 b5 4. Bg2 Bb7 5. O-O c5 6. c3 Be7 7. Ne1 Bxg2 8. Kxg2 Nc6 9. Bg5 d5 10. Bxf6 Bxf6 11. dxc5 O-O 12. e4 dxe4 13. Qe2 Qd5 14. Kg1 Rfd8 15. a4 b4 16. cxb4 Nxb4 17. Nc3 Bxc3 18. bxc3 Nd3 19. Nxd3 exd3 20. Qe3 Rac8 21. Rfd1 e5 22. f3 f5 23. Kg2 e4 24. Rd2 Qxc5 25. Qxc5 Rxc5 26. fxe4 fxe4 27. Re1 Rc4 28. a5 Rd5 29. Kf2 Rf5+ 30. Kg2 Rxa5 31. Rb2 h6 32. Rb8+ Kh7 33. Rf1 d2 34. Rd8 e3 35. Rff8 Ra1 36. Rh8+ Kg6 37. Rd6+ Kf7 38. Rd7+ Ke6 39. Rxg7 d1=Q 40. Rxh6+ Kf5 41. Rf7+ Kg5 0-1

[Event "FISU WUMSCC Men 2024"]
[Site "Entebbe"]
[Date "2024.06.26"]
[Round "3.8"]
[White "Thilakarathne, G M H"]
[Black "Hemeni, Simamnkele"]
[Result "1-0"]
[ECO "B57"]
[WhiteElo "2356"]
[BlackElo "1866"]
[Annotator "RC"]
[PlyCount "47"]
[EventDate "2024.06.24"]
[EventType "swiss"]
[EventCountry "UGA"]
[SourceTitle "playchess.com"]
[Source "ChessBase"]
[SourceQuality "1"]
[TimeControl "5400+30"]

1. e4 c5 2. Nf3 d6 3. d4 cxd4 4. Nxd4 Nf6 5. Nc3 Nc6 6. Bc4 Qb6 7. Nxc6 bxc6 8. Bb3 Ba6 9. Be3 Qc7 10. f4 e6 11. Qf3 d5 12. O-O-O Bb4 13. exd5 Bxc3 14. d6 Qd7 15. bxc3 O-O 16. Bc5 Rfd8 17. Rhe1 Qb7 18. f5 Qb5 19. Bd4 Rxd6 20. fxe6 Rf8 21. Bxf6 Rxd1+ 22. Rxd1 gxf6 23. Qxf6 Qh5 24. exf7+ 1-0

[Event "FISU WUMSCC Men 2024"]
[Site "Entebbe"]
[Date "2024.06.26"]
[Round "3.9"]
[White "Nyola Wasswa Mark"]
[Black "Wagner, Gerald"]
[Result "1-0"]
[ECO "A64"]
[WhiteElo "2067"]
[BlackElo "1832"]
[Annotator "RC"]
[PlyCount "77"]
[EventDate "2024.06.24"]
[EventType "swiss"]
[EventCountry "UGA"]
[SourceTitle "playchess.com"]
[Source "ChessBase"]
[SourceQuality "1"]
[TimeControl "5400+30"]

1. d4 Nf6 2. c4 e6 3. Nc3 c5 4. d5 exd5 5. cxd5 d6 6. Nf3 g6 7. g3 Bg7 8. Bg2 O-O 9. O-O a6 10. a4 Re8 11. Nd2 Nbd7 12. h3 Rb8 13. Nc4 Nb6 14. Nxb6 Qxb6 15. a5 Qc7 16. Qa4 b5 17. axb6 Rxb6 18. Qh4 Rb4 19. e4 a5 20. g4 Ba6 21. Rd1 Nd7 22. f4 c4 23. Kh1 Nc5 24. e5 Nb3 25. Rb1 dxe5 26. d6 Qd7 27. Nd5 Qxd6 28. fxe5 Bxe5 29. Bg5 Nd4 30. Re1 Ne6 31. Rxe5 Qxe5 32. Nf6+ Qxf6 33. Bxf6 Bb7 34. Bxb7 Rxb7 35. Qh6 a4 36. Rc1 Rc8 37. Bc3 Rd7 38. Re1 Rc5 39. Qf4 1-0

[Event "FISU WUMSCC Men 2024"]
[Site "Entebbe"]
[Date "2024.06.26"]
[Round "3.10"]
[White "Selepe, Lwazi"]
[Black "Musasizi, Emmanuel"]
[Result "1-0"]
[ECO "B01"]
[WhiteElo "1913"]
[BlackElo "1966"]
[Annotator "RC"]
[PlyCount "85"]
[EventDate "2024.06.24"]
[EventType "swiss"]
[EventCountry "UGA"]
[SourceTitle "playchess.com"]
[Source "ChessBase"]
[SourceQuality "1"]
[TimeControl "5400+30"]

1. e4 d5 2. exd5 Qxd5 3. Nc3 Qd8 4. d4 c6 5. Nf3 Nf6 6. Bc4 Bf5 7. Ne5 e6 8. g4 Be4 9. Rg1 Bd5 10. Nxd5 exd5 11. Bd3 Nfd7 12. Qe2 Nxe5 13. dxe5 Nd7 14. Bf4 Nc5 15. O-O-O Be7 16. Kb1 Qb6 17. Be3 O-O-O 18. Bf5+ Kb8 19. Bd4 Qc7 20. f4 g6 21. Bd3 Nxd3 22. Rxd3 Rhe8 23. Rh3 c5 24. Bf2 Rh8 25. f5 Qc6 26. e6 fxe6 27. Re3 gxf5 28. Rxe6 Bd6 29. gxf5 Rhe8 30. Bh4 Rxe6 31. Qxe6 Rc8 32. h3 d4 33. f6 Re8 34. Qf5 Bh2 35. Rf1 Bd6 36. f7 Rf8 37. Bg5 c4 38. Bh6 Rc8 39. f8=Q Bxf8 40. Bxf8 d3 41. cxd3 c3 42. bxc3 Qxc3 43. Bd6+ 1-0